 Dungeon Crawl Stone Soup version 0.17-a0-546-g92f1a90 (webtiles) character file.

248 Espgualade the Skirmisher (level 6, -11/41 HPs)
             Began as a Tengu Ice Elementalist on Apr 13, 2015.
             Mangled by an ogre
             ... wielding a +0 giant spiked club
              (24 damage)
             ... on level 4 of the Dungeon.
             The game lasted 00:08:37 (3255 turns).

Espgualade the Skirmisher (Tengu Ice Elementalist)  Turns: 3255, Time: 00:08:37

Health: -11/41     AC:  7    Str:  9    XL:     6   Next: 12%
Magic:  6/10       EV: 13    Int: 17    God:
Gold:   139        SH:  0    Dex: 17    Spells: 3 memorised, 3 levels left

rFire  . . .     SeeInvis .     m - +1 hand axe (drain)
rCold  . . .     Clarity  .     a - +0 robe
rNeg   . . .     SustAb   .     (no shield)
rPois  .         Gourm    .     (helmet restricted)
rElec  .         Spirit   .     (no cloak)
rCorr  .         Warding  .     (no gloves)
rMut   .         Stasis   .     (boots unavailable)
MR     .....                    (no amulet)
Stlth  ++........               h - ring of wizardry
                                e - +3 ring of dexterity

@: icy armour, not resistant to hostile enchantments, unstealthy
A: beak, talons 3, able to fly 1
a: Fly


You were on level 4 of the Dungeon.
You were not hungry.

You visited 1 branch of the dungeon, and saw 4 of its levels.

You collected 139 gold pieces.

Inventory:

Hand weapons
 m - a +1 hand axe of draining (weapon)
 v - a +1 short sword of flaming
Armour
 a - a +0 robe (worn)
Jewellery
 e - a +3 ring of dexterity (left hand)
 h - a ring of wizardry (right hand)
 x - an uncursed amulet of clarity
Scrolls
 d - 3 scrolls of identify {unknown}
 f - a scroll of remove curse {unknown}
 l - a scroll of magic mapping {unknown}
 n - a scroll of amnesia {unknown}
 p - 2 scrolls of noise {unknown}
 s - a scroll of fear {unknown}
 u - 2 scrolls of teleportation {unknown}
 y - a scroll of random uselessness {unknown}
Potions
 g - a potion of haste
 k - 2 potions of resistance {unknown}
 o - a potion of agility {unknown}
 q - 4 potions of poison {unknown}
 r - 2 potions of heal wounds {unknown}
 t - 3 potions of might {unknown}
 w - a potion of curing {unknown}
 z - a potion of cure mutation {unknown}
 A - a potion of brilliance {unknown}
 C - a potion of invisibility {unknown}
Books
 b - a book of Frost

   Spells                             Type                      Level
   a - Freeze                         Ice                          1
   b - Throw Frost                    Conjuration/Ice              2
   c - Ozocubu's Armour               Charms/Ice                   3
   d - Throw Icicle                   Conjuration/Ice              4
   e - Summon Ice Beast               Ice/Summoning                4
   f - Condensation Shield            Ice                          4
Comestibles
 c - a bread ration
 i - a beef jerky
 j - a meat ration
 B - a slice of pizza


   Skills:
 + Level 5.8 Fighting
 - Level 2.1 Dodging
 - Level 2.0 Stealth
 - Level 2.0 Spellcasting
 - Level 1.3 Conjurations
 - Level 2.6 Ice Magic


You had 3 spell levels left.
You knew the following spells:

 Your Spells              Type           Power        Failure   Level  Hunger
a - Freeze                Ice            ##..         4%          1    #......
b - Throw Frost           Conj/Ice       #.....       6%          2    ###....
c - Ozocubu's Armour      Chrm/Ice       #.......     16%         3    ###....


Dungeon Overview and Level Annotations

Branches:
Dungeon (4/15)
 Temple: D:4-7

Altars:
Dithmenos
Fedhas
Makhleb
Qazlal
Ru
Xom

Annotations:
D:3 Grinder


Innate Abilities, Weirdness & Mutations

You have a beak for a mouth.
You have claws for feet.
You can fly.


Message History

Ouch! That really hurt!
* * * LOW HITPOINT WARNING * * *
Casting: Ozocubu's Armour
Confirm with . or Enter, or press ? or * to list all spells.
Aiming: Freeze
Press: ? - help, Shift-Dir - straight line, f - ogre
Aim: an ogre, wielding a giant spiked club (moderately wounded)
You freeze the ogre.
The ogre is heavily wounded.
The ogre barely misses you.
Casting: Freeze
Confirm with . or Enter, or press ? or * to list all spells.
Aiming: Freeze
Press: ? - help, Shift-Dir - straight line, f/p - ogre
Aim: an ogre, wielding a giant spiked club (heavily wounded)
You freeze the ogre.
The ogre is heavily wounded.
The ogre hits you with a giant spiked club!!
Ouch! That really hurt!
You die...

#+##+## #+#
#.....# ..#
+.....#...#
#.....#...#
#.....'...#
#.....#
#...O.#
#..@..#
#...###
#...##
#....# .
#....+ ..
#....# ...
#....# ....
+....# ....
#....#
......


You could see an ogre.

Vanquished Creatures
  A crimson imp (D:3)
  An iguana (D:4)
  2 worker ants (D:4)
  6 adders
  A worm (D:2)
  An adder skeleton (D:4)
  4 giant geckos
  5 orcs
  2 giant cockroaches (D:1)
  9 hobgoblins
  8 jackals
  A quokka (D:3)
  7 bats
  6 giant newts
  9 goblins
  8 kobolds
  7 rats
78 creatures vanquished.

Notes
Turn   | Place    | Note
--------------------------------------------------------------
     0 | D:1      | Espgualade, the Tengu Ice Elementalist, began the quest for the Orb.
     0 | D:1      | Reached XP level 1. HP: 10/10 MP: 4/4
    64 | D:1      | Reached skill level 1 in Fighting
   178 | D:1      | Reached XP level 2. HP: 13/16 MP: 4/6
   477 | D:1      | Reached XP level 3. HP: 13/22 MP: 4/7
  1096 | D:2      | Reached skill level 3 in Fighting
  1227 | D:2      | Reached XP level 4. HP: 19/28 MP: 8/8
  1458 | D:2      | Learned a level 2 spell: Throw Frost
  1462 | D:2      | Learned a level 3 spell: Ozocubu's Armour
  1755 | D:3      | Reached skill level 4 in Fighting
  2136 | D:3      | Gained mutation: You can fly. [Tengu growth]
  2136 | D:3      | Reached XP level 5. HP: 15/34 MP: 4/9
  2308 | D:3      | Found a burning altar of Makhleb.
  2312 | D:3      | Found a sacrificial altar of Ru.
  2319 | D:3      | Found a shimmering altar of Xom.
  2332 | D:3      | Found a stormy altar of Qazlal.
  2336 | D:3      | Found a blossoming altar of Fedhas.
  2407 | D:3      | Noticed Grinder
  2705 | D:3      | Paralysed by Grinder for 7 turns
  2882 | D:4      | Reached skill level 5 in Fighting
  3077 | D:4      | Found a shadowy altar of Dithmenos.
  3109 | D:4      | Reached XP level 6. HP: 39/41 MP: 3/10
  3246 | D:4      | Noticed an ogre
  3255 | D:4      | Mangled by an ogre

Action                   |  1- 3 |  4- 6 || total
-------------------------+-------+-------++-------
Melee: Unarmed           |    55 |       ||    55
       Hand axe          |    13 |   104 ||   117
 Cast: Freeze            |    26 |    25 ||    51
       Throw Frost       |       |     2 ||     2
       Ozocubu's Armour  |       |     2 ||     2
  Use: Potion            |       |     1 ||     1
 Stab: Sleeping          |     3 |     2 ||     5
  Eat: Chunk             |     1 |     1 ||     2
       Bread ration      |       |     2 ||     2
